 Dungeon Crawl Stone Soup version 0.29.0 (webtiles) character file.

Game seed: 6254206182995447495

127 malesh the Chiller (level 5, 0/36 HPs)
             Began as a Merfolk Ice Elementalist on Sept 1, 2022.
             Killed by nerve-wracking pain
             ... invoked by an orc priest
              (10 damage)
             ... on level 4 of the Dungeon.
             The game lasted 00:08:40 (3194 turns).

malesh the Chiller (Merfolk Ice Elementalist)       Turns: 3194, Time: 00:08:40

Health: 0/36       AC:  2    Str:  8    XL:     5   Next: 11%
Magic:  10/10      EV: 17    Int: 16    God:
Gold:   172        SH:  0    Dex: 21    Spells: 3/10 levels left

rFire   . . .      SeeInvis .   h - +2 dagger (elec)
rCold   . . .      Faith    .   (no shield)
rNeg    . . .      Spirit   .   a - +0 robe
rPois   .          Reflect  .   (no helmet)
rElec   .          Harm     .   (no cloak)
rCorr   .          Rampage  .   (no gloves)
Will    .....                   (no boots)
Stlth   +++.......              (no amulet)
HPRegen 0.12/turn               k - +6 ring of dexterity
MPRegen 0.12/turn               n - +4 ring of evasion

@: no status effects
A: (nimble swimmer 2), mertail
a: no special abilities


You were on level 4 of the Dungeon.
You visited 1 branch of the dungeon, and saw 4 of its levels.

You collected 172 gold pieces.

Inventory:

Hand Weapons
 h - a +2 dagger of electrocution (weapon)
Armour
 a - a +0 robe (worn)
Jewellery
 k - a +6 ring of dexterity (left hand)
 n - a +4 ring of evasion (right hand)
Scrolls
 d - a scroll of teleportation
 e - a scroll of magic mapping {unknown}
 f - a scroll of blinking
 g - a scroll of summoning {unknown}
 i - 2 scrolls of immolation
 m - a scroll of poison {unknown}
 o - 2 scrolls of enchant armour
Potions
 b - a potion of magic
 c - a potion of curing {unknown}
 l - a potion of resistance {unknown}
 p - a potion of brilliance {unknown}


   Skills:
 + Level 0.3 Fighting
 + Level 3.1 Dodging
 + Level 3.1 Stealth
 * Level 3.4 Spellcasting
 * Level 5.3 Ice Magic


You had 3 spell levels left.
You knew the following spells:

 Your Spells              Type           Power      Damage    Failure   Level
a - Freeze                Ice            76%        1d9       1%          1
b - Frozen Ramparts       Ice            38%        1d6       6%          3
c - Ozocubu's Armour      Ice            19%        N/A       6%          3

Your spell library contained the following spells:

 Spells                   Type           Power      Damage    Failure   Level
 Hailstorm                Conj/Ice       11%        3d5       52%         4


Dungeon Overview and Level Annotations

Branches:
Dungeon (4/15)
 Temple: D:4-7

Altars:
Hepliaklqana


Innate Abilities, Weirdness & Mutations

((You are very nimble when in or above water. (Stealth+, EV+, Speed+++)))
Your lower body shifts to a powerful aquatic tail in water.


Message History

Lightning courses through the ball python!!
You kill the ball python!
No target in view!
No target in view!
Items here: )) [ ††.
You now have 172 gold pieces (gained 18).
Items here: )) [ ††.
An orc priest comes into view. It is wielding a +0 whip.
Found 3 stones.
Found a stone staircase leading down.
The orc shouts!
The orc priest shouts!
You hear a shout!
The orc wizard gestures at you while chanting.
The magic dart hits you!
The orc priest mumbles some strange prayers to Beogh against you.
Pain shoots through your body!
The orc priest enters a dispersal trap!
The orc blinks!
The orc priest blinks! x2
The orc wizard blinks!
The orc blinks!
You blink.
A hound comes into view.
The orc priest blinks!
An orc wizard comes into view. It is wielding a +0 dagger.
The orc throws a stone.
The stone hits you.
The orc throws a stone.
The stone misses you. The orc wizard casts a spell at you.
You are confused.
The orc throws a stone.
The stone barely misses you. The hound completely misses you.
The orc wizard casts a spell.
The orc wizard flickers and vanishes!
Deactivating autopickup; reactivate with Ctrl-A.
The hound bites you. The hound misses you. The orc hits you with a +0 dagger.
The hound barely misses you.
You're too confused to move!
Something hits you.
* * * LOW HITPOINT WARNING * * *
The orc wizard enters a dispersal trap!
The orc priest blinks! x2
The orc blinks! x2; The hound blinks!
You blink.
You feel less confused.
The orc priest calls down the wrath of Beogh upon you.
Pain shoots through your body!
You die...

.....#...............
.................##..
................##..
#.........§.......#
#....o.§§...$..###
#.....§h.....§.#
#............#...
####...o.o.....## #.
#...@....####...#
##.#......# .....#
........#.# ......
.....#)#.#<# ...##.
...#........# ?# ..
##......## .# .
#...†..# ....#....#
.##......#


You could see a hound, 2 orc priests and an orc.

Vanquished Creatures
  Robin (D:2)
  2 adders (D:2)
  4 dart slugs
  5 orcs
  6 bats
  9 endoplasms
  5 giant cockroaches
  10 goblins
  9 hobgoblins
  4 jackals
  3 quokkas (D:1)
  7 ball pythons
  4 frilled lizards (D:1)
  3 kobolds
  3 rats
75 creatures vanquished.

Notes
Turn   | Place    | Note
-------+----------+-------------------------------------------
     0 | D:1      | malesh the Merfolk Ice Elementalist began the quest for the
                  | Orb.
     0 | D:1      | Reached XP level 1. HP: 13/13 MP: 3/3
   181 | D:1      | Reached XP level 2. HP: 19/19 MP: 3/5
   764 | D:1      | Reached XP level 3. HP: 24/24 MP: 6/6
   777 | D:1      | Reached skill level 5 in Ice Magic
  1597 | D:2      | Learned a level 3 spell: Frozen Ramparts
  1601 | D:2      | Learned a level 3 spell: Ozocubu's Armour
  1655 | D:2      | Noticed Robin
  1677 | D:2      | Killed Robin
  1678 | D:2      | Reached XP level 4. HP: 14/30 MP: 2/8
  2519 | D:3      | Found a faded altar of an unknown god.
  2557 | D:3      | Found a hazy altar of Hepliaklqana.
  2784 | D:3      | Reached XP level 5. HP: 35/35 MP: 10/10
  3194 | D:4      | Killed from afar by an orc priest

Illustrated notes

Levels and vault maps discovered:
D:1:      erik_arrival_cave_to_civilisation [erik_arrival_cave_to_hall],
          layout_basic
D:2:      layout_basic, grunt_ministairs_7, minmay_shallow_snake_nest,
          uniq_robin
D:3:      layout_basic, nicolae_hepliaklqana_hazy_memory,
          ebering_ecumenical_altar_hall, roderic_serpentine_path
D:4:      layout_rooms

Skill      XL: |  1  2  3  4 |
---------------+-------------+-----
Ice Magic      | 5 |  5.3
Dodging        | 3 |  3.1
Spellcasting   | 3 |  3.4
Stealth        | 3 |  3.1
Fighting       | |  0.3

Action                   |  1- 3 |  4- 6 || total
-------------------------+-------+-------++-------
Melee: Unarmed           |     2 |       ||     2
       Dagger            |    41 |    46 ||    87
       Punch             |     1 |       ||     1
 Cast: Freeze            |    27 |     4 ||    31
       Frozen Ramparts   |     2 |     3 ||     5
  Use: Scroll            |       |     4 ||     4
 Stab: Sleeping          |     6 |     8 ||    14
       Distracted        |     3 |       ||     3
Armor: Robe              |     8 |     2 ||    10
Dodge: Dodged            |    38 |    33 ||    71
